 Dungeon Crawl Stone Soup version 0.28.0-45-g0d030f2227 (webtiles) character file.

Game seed: 8564578938791491941

11 CryoSword the Shield-Bearer (level 2, 0/24 HPs)
             Began as a Formicid Fighter on Apr 13, 2022.
             Slain by a goblin
             ... wielding a +0 club
              (2 damage)
             ... on level 1 of the Dungeon.
             The game lasted 00:00:20 (194 turns).

CryoSword the Shield-Bearer (Formicid Fighter)       Turns: 194, Time: 00:00:21

Health: 0/24       AC:  6    Str: 20    XL:     2   Next: 35%
Magic:  2/2        EV:  9    Int:  7    God:
Gold:   27         SH:  4    Dex: 10    Spells: 1/1 levels left

rFire   . . .      SeeInvis +   a - +0 quarterstaff
rCold   . . .      Faith    .   c - +0 buckler
rNeg    . . .      Spirit   .   b - +0 scale mail
rPois   .          Reflect  .   (helmet unavailable)
rElec   .          Harm     .   (no cloak)
rCorr   .          Rampage  .   (no gloves)
Will    .....                   (no boots)
Stlth   ..........              (no amulet)
HPRegen 0.08/turn               (no ring)
MPRegen 0.08/turn               (no ring)

@: no status effects
A: permanent stasis, dig shafts and tunnels, antennae 3, four strong arms
a: Dig, Shaft Self


You were on level 1 of the Dungeon.
You visited 1 branch of the dungeon, and saw 1 of its levels.

You collected 27 gold pieces.

Inventory:

Hand Weapons
 a - a +0 quarterstaff (weapon)
Armour
 b - a +0 scale mail (worn)
 c - a +0 buckler (worn)
Scrolls
 e - a scroll of teleportation {unknown}
Potions
 d - a potion of might
 f - a potion of haste {unknown}


   Skills:
 + Level 3.4 Fighting
 * Level 2.3 Staves
 + Level 3.4 Armour
 + Level 3.8 Shields


You had one spell level left.
You didn't know any spells.
Your spell library was empty.

Dungeon Overview and Level Annotations

Branches:
Dungeon (1/15)

Altars:


Innate Abilities, Weirdness & Mutations

You cannot be hasted, slowed, berserked, paralysed or teleported.
You can dig through walls and to a lower floor.
You have a pair of large antennae on your head. (SInv)
Your four strong arms can wield two-handed weapons with a shield.


Message History

No target in view!
No target in view!
No target in view!
No target in view!
No target in view!
e - a scroll labelled TIDOPE KECAN You see here a rat corpse.
Could not explore, unopened door.
Could not explore, unopened door.
Could not explore, unopened door.
You open the door.
Found a purple potion.
There is an open door here.
f - a purple potion
Found 9 stones.
A giant cockroach comes into view.
A giant cockroach is nearby!
A giant cockroach is nearby!
You barely miss the giant cockroach.
The giant cockroach bites you but does no damage.
You hit the giant cockroach.
You kill the giant cockroach!
No target in view!
No target in view!
No target in view!
No target in view!
No target in view!
No target in view!
No target in view!
No target in view!
No target in view!
No target in view!
No target in view!
You see here 9 stones.
Found a club.
Could not explore, unopened door.
Could not explore, unopened door.
Could not explore, unopened door.
You open the door.
Found 23 stones.
A jackal comes into view.
The jackal barks!
A jackal comes into view.
The jackal moves out of view.
A jackal comes into view.
There are monsters nearby!
There are monsters nearby!
There are monsters nearby!
A bat and an endoplasm come into view.
The jackal barks!
The endoplasm quivers.
You hear a bark!
A jackal comes into view.
The jackal barks!
You block the bat's attack.
You completely miss the bat. You block the bat's attack.
The bat hits you but does no damage. The jackal barely misses you.
The jackal bites you but does no damage.
You barely miss the bat. You block the bat's attack.
The bat hits you but does no damage.
You thump the bat!
You kill the bat!
The jackal bites you but does no damage.
The jackal bites you.
The jackal bites you but does no damage.
The jackal bites you.
You closely miss the jackal.
The jackal bites you but does no damage.
The jackal barely misses you.
The jackal bites you but does no damage.
You closely miss the jackal. The jackal barely misses you. x2
The jackal bites you but does no damage.
The jackal barely misses you.
The jackal bites you but does no damage.
A goblin comes into view. It is wielding a +0 club.
The goblin shouts!
You hit the jackal.
You kill the jackal!
The jackal bites you but does no damage. x2
You block the jackal's attack. The jackal bites you.
The jackal barely misses you. x2
The endoplasm freezes you.
You are frozen.
You are too injured to fight recklessly!
You are too injured to fight recklessly!
You are too injured to fight recklessly!
You are too injured to fight recklessly!
You are too injured to fight recklessly!
You are too injured to fight recklessly!
You are too injured to fight recklessly!
You are too injured to fight recklessly!
You are too injured to fight recklessly!
You are too injured to fight recklessly!
You are too injured to fight recklessly!
You are too injured to fight recklessly!
You are too injured to fight recklessly!
You are too injured to fight recklessly!
You are too injured to fight recklessly!
You are too injured to fight recklessly!
You are too injured to fight recklessly!
You are too injured to fight recklessly!
You are too injured to fight recklessly!
You are too injured to fight recklessly!
You block the jackal's attack.
The jackal bites you but does no damage.
The jackal closely misses you. The jackal closely misses you.
The jackal barely misses you.
The jackal bites you but does no damage.
You barely miss the jackal. The jackal closely misses you.
The jackal bites you.
You sock the jackal!
You kill the jackal!
The jackal bites you.
* * * LOW HITPOINT WARNING * * *
You have reached level 2!
You hit the jackal but do no damage. You block the jackal's attack.
The jackal closely misses you.
You closely miss the jackal. You block the jackal's attack.
You completely miss the jackal.
The jackal bites you but does no damage.
The jackal closely misses you.
You hit the jackal but do no damage. The jackal completely misses you.
The jackal barely misses you.
You closely miss the jackal. You block the jackal's attack.
You closely miss the jackal. You block the jackal's attack. x2
You barely miss the jackal. The jackal bites you.
* * * LOW HITPOINT WARNING * * *
You block the jackal's attack.
You hit the jackal. The jackal barely misses you.
You sock the jackal!
You kill the jackal!
The jackal barely misses you.
You sock the jackal!
You kill the jackal!
You block the endoplasm's attack.
You hit the endoplasm. The endoplasm freezes you.
You are frozen.
* * * LOW HITPOINT WARNING * * *
You hit the endoplasm but do no damage. The endoplasm freezes you.
You are frozen.
* * * LOW HITPOINT WARNING * * *
You hit the endoplasm.
You kill the endoplasm!
You barely miss the goblin. The goblin hits you but does no damage.
You barely miss the goblin. The goblin hits you but does no damage.
You barely miss the goblin. The goblin hits you with a +0 club.
You die...

#.....#.....#
......#.....######
.................#
.............###.#
#+#.......(..# #.# #
#.........## #.# #
#.......### #.# #
#####...# #g#
#.........######@#
#................#
..........########
#..........#
.(.........#######
...........##....#####
............#........##
......#.....'..##..#..#
......#.....##.##.#...###


You could see a goblin.

Vanquished Creatures
  2 endoplasms (D:1)
  A giant cockroach (D:1)
  4 jackals (D:1)
  A bat (D:1)
  A rat (D:1)
9 creatures vanquished.

Notes
Turn   | Place    | Note
-------+----------+-------------------------------------------
     0 | D:1      | CryoSword the Formicid Fighter began the quest for the Orb.
     0 | D:1      | Reached XP level 1. HP: 18/18 MP: 1/1
    66 | D:1      | Found a faded altar of an unknown god.
   179 | D:1      | Reached XP level 2. HP: 10/24 MP: 2/2
   190 | D:1      | HP: 1/24 [frozen (2)]
   194 | D:1      | Slain by a goblin

Illustrated notes

Levels and vault maps discovered:
D:1:      giann_wishing_wells, layout_basic,
          shapermc_ecumenical_altar_rom_forum,
          hangedman_abyss_or_decor_lesser_grid

Action                   || total
-------------------------++-------
Melee: Quarterstaff      ||    32
Armor: Scale mail        ||    22
Dodge: Dodged            ||    17
Block: Buckler           ||    13
